 Dungeon Crawl Stone Soup version 0.13.0-13-g27bfa31 (webtiles) character file.

382 MackTheKnife the Caller (level 5, -1/35 HPs)
             Began as a Merfolk Summoner on Oct 19, 2013.
             Was an Initiate of Makhleb.
             Slain by a water moccasin (8 damage)
             ... on Level 5 of the Dungeon.
             The game lasted 00:14:02 (4443 turns).

MackTheKnife the Caller (Merfolk Summoner)          Turns: 4443, Time: 00:14:02

HP  -1/35        AC  4     Str  8      XL: 5   Next: 94%
MP   0/10        EV 11     Int 14      God: Makhleb [......]
Gold 165         SH  0     Dex 16      Spells:  3 memorised,  3 levels left

Res.Fire  : . . .   See Invis. : .   m - +2,+1 whip (flame)
Res.Cold  : + . .   Warding    : .   h - +1 leather armour
Life Prot.: . . .   Conserve   : .   (no shield)
Res.Poison: .       Res.Corr.  : .   (no helmet)
Res.Elec. : .       Clarity    : .   (no cloak)
Sust.Abil.: . .     Spirit.Shd : +   (no gloves)
Res.Mut.  : .       Stasis     : .   (no boots)
Res.Rott. : .       Flight     : .   g - amulet of guardian spirit
Saprovore : . . .                    (no ring)
                                     f - ring of protection from cold

@: mildly poisoned, slightly resistant to hostile enchantments, fairly stealthy
A: change form in water, swift swim
a: Renounce Religion


You were on level 5 of the Dungeon.
You worshipped Makhleb.
Makhleb was noncommittal.
You were not hungry.

You visited 1 branch of the dungeon, and saw 5 of its levels.

You collected 145 gold pieces.

Inventory:

Hand weapons
 e - a +2,+2 orcish dagger (quivered)
 l - a +2,+0 dagger of venom
 m - a +2,+1 whip of flaming (weapon)
Armour
 h - a +1 leather armour (worn)
Magical devices
 j - a wand of disintegration (8) {unknown}
Comestibles
 c - a bread ration
 d - a meat ration
 v - a chunk of adder flesh
Scrolls
 a - a scroll of magic mapping
 k - a scroll of identify
 o - a scroll of enchant armour {unknown}
 r - 2 scrolls of remove curse {unknown}
 u - a scroll of immolation {unknown}
Jewellery
 f - a ring of protection from cold (left hand)
 g - an amulet of guardian spirit (around neck)
Potions
 n - a potion of might
 p - a potion of cure mutation {unknown}
 q - a potion of poison {unknown}
 t - a potion of brilliance {unknown}
Books
 b - a book of Callings

   Spells                             Type                      Level
   *Summon Small Mammal               Summoning                    1
   *Call Imp                          Summoning                    2
   Call Canine Familiar               Summoning                    3
   Summon Scorpions                   Summoning/Poison             4
   *Summon Ice Beast                  Ice/Summoning                4
 s - a Necronomicon {highlevel}

   This book is beyond your current level of understanding.

   Spells                             Type                      Level
   Borgnjor's Revivification          Necromancy                   7
   Haunt                              Necromancy/Summoning         7
   Death's Door                       Charms/Necromancy            8
   Necromutation                      Transmutation/Necromancy     8


   Skills:
 - Level 2.6 Dodging
 - Level 2.1 Stealth
 - Level 3.0 Spellcasting
 + Level 5.5 Summonings
 + Level 2.3 Ice Magic


You had 3 spell levels left.
You knew the following spells:

 Your Spells              Type           Power        Failure   Level  Hunger
a - Summon Small Mammal   Summ           ###.         2%          1    #......
b - Call Imp              Summ           ###.......   3%          2    ##.....
c - Summon Ice Beast      Ice/Summ       ##........   45%         4    #####..


Dungeon Overview and Level Annotations

Branches:
Dungeon (5/27)
 Temple: D:4-7

Altars:
Ashenzari
Cheibriados
Makhleb
Nemelex Xobeh
Trog
Yredelemnul


Message History

The kobold closely misses your crimson imp.
The water moccasin bites you!
* * * LOW HITPOINT WARNING * * *
Drink which item? (? for menu, Esc to quit)
You feel better.
The adder barely misses your crimson imp.
The water moccasin bites you.
* * * LOW HITPOINT WARNING * * *
You are poisoned.
The water moccasin poisons you!
Your crimson imp closely misses the water moccasin.
The adder bites your crimson imp.
Casting: Call Imp
Confirm with . or Enter, or press ? or * to list all spells.
You don't have enough magic to cast that spell.
Casting: Call Imp
Confirm with . or Enter, or press ? or * to list all spells.
* * * LOW HITPOINT WARNING * * *
You feel sick. The water moccasin bites you!
You die...

# #. #.###
#....###########
##.....<........#
###.......#######....
............r@.# #
###.......####S######...#.
##.....## #5S..........
##...## #...K...#......
#..# #.......# .#. #..
#.......# #.. .......ยง...
##. ###..5..5.#.#
#.......#.#


You could see a water moccasin, an adder, a kobold, 3 friendly crimson imps and
a friendly rat.

Vanquished Creatures
  2 orc priests (D:4)
  Jessica (D:2)
  An adder (D:2)
  An orc (D:3)
  2 giant cockroaches
  8 goblins
  5 hobgoblins
  A jackal (D:4)
  5 kobolds
  A quokka (D:3)
  A ball python (D:3)
  9 bats
  6 giant newts
  A gnoll skeleton (D:5)
  A kobold skeleton (D:4)
  7 rats
52 creatures vanquished.

Vanquished Creatures (collateral kills)
  2 worker ants (D:4)
  Terence (D:2)
  5 adders
  A worm (D:2)
  An adder skeleton (D:4)
  An ooze (D:2)
  An orc (D:4)
  A ball python (D:3)
  2 bats
  A giant cockroach (D:1)
  A hobgoblin (D:2)
  A jackal (D:4)
  A giant newt (D:1)
  2 goblins (D:1)
  A rat (D:2)
22 creatures vanquished.

Vanquished Creatures (others)
  2 crimson imps
  A white imp (D:2)
  A shadow imp (D:5)
  2 bats (D:4)
6 creatures vanquished.

Grand Total: 80 creatures vanquished

Notes
Turn   | Place    | Note
--------------------------------------------------------------
     0 | D:1      | MackTheKnife, the Merfolk Summoner, began the quest for the Orb.
     0 | D:1      | Reached XP level 1. HP: 13/13 MP: 3/3
   393 | D:1      | Reached XP level 2. HP: 19/19 MP: 1/4
   397 | D:1      | Learned a level 2 spell: Call Imp
  1251 | D:2      | Noticed Jessica
  1266 | D:2      | Killed Jessica
  1266 | D:2      | Reached XP level 3. HP: 20/24 MP: 1/6
  1935 | D:2      | Noticed Terence
  1958 | D:2      | Killed Terence
  1958 | D:2      | Reached XP level 4. HP: 13/30 MP: 1/8
  2504 | D:2      | Found a burning altar of Makhleb.
  2510 | D:2      | Noticed a cacodemon
  2513 | D:2      | Noticed a hellwing
  2513 | D:2      | Noticed a hellwing
  2536 | D:2      | Became a worshipper of Makhleb the Destroyer
  2663 | D:3      | Learned a level 4 spell: Summon Ice Beast
  2869 | D:3      | Found a shattered altar of Ashenzari.
  2891 | D:3      | Reached skill level 5 in Summonings
  3000 | D:3      | Found a snail-covered altar of Cheibriados.
  3000 | D:3      | Found a basalt altar of Yredelemnul.
  3000 | D:3      | Found a sparkling altar of Nemelex Xobeh.
  3137 | D:4      | Found a bloodstained altar of Trog.
  3628 | D:4      | Reached skill level 1 in Ice Magic
  3628 | D:4      | Reached XP level 5. HP: 33/35 MP: 6/10
  4096 | D:5      | Entered Level 5 of the Dungeon
  4102 | D:5      | Noticed a centaur
  4443 | D:5      | Slain by a water moccasin

Action                   |  1- 3 |  4- 6 || total
-------------------------+-------+-------++-------
Melee: Unarmed           |    22 |       ||    22
       Dagger            |    76 |    54 ||   130
       Whip              |       |    75 ||    75
 Cast: Summon Small Mamm |     9 |     3 ||    12
       Call Imp          |    17 |    32 ||    49
  Use: Scroll            |     2 |     5 ||     7
       Potion            |     1 |     1 ||     2
 Stab: Sleeping          |     3 |       ||     3
